 Dungeon Crawl Stone Soup version 0.28.0-47-ge53b351184 (webtiles) character file.

Game seed: 3459267653752582813

1468 101zpm the Magician (level 9, -3/55 HPs)
             Began as a Djinni Fire Elementalist on May 7, 2022.
             Shot with an arrow by a centaur (11 damage)
             ... on level 5 of the Dungeon.
             The game lasted 00:08:47 (8253 turns).

101zpm the Magician (Djinni Fire Elementalist)      Turns: 8253, Time: 00:08:48

Health: -3/55      AC:  3    Str:  7    XL:     9   Next: 6%
Gold:   188        EV: 13    Int: 20    God:
                   SH:  0    Dex: 15

rFire   + + .      SeeInvis .   r - +3 dire flail (venom)
rCold   x . .      Faith    .   (shield currently unavailable)
rNeg    . . .      Spirit   .   a - +0 robe
rPois   ∞          Reflect  .   (no helmet)
rElec   .          Harm     .   u - +0 cloak
rCorr   .          Rampage  .   (no gloves)
Will    .....                   (boots unavailable)
Stlth   ++........              (no amulet)
HPRegen 0.18/turn               d - ring of wizardry
MPRegen 0.00/turn               (no ring)

@: flying
A: sickness immunity, fire resistance 2, cold vulnerability 1, float, innate
caster, HP casting, extra vitality 1
a: no special abilities


You were on level 5 of the Dungeon.
You visited 1 branch of the dungeon, and saw 5 of its levels.

You collected 188 gold pieces.

Inventory:

Hand Weapons
 r - a +3 dire flail of venom (weapon)
Armour
 a - a +0 robe (worn)
 u - a +0 cloak (worn)
 v - a +0 buckler
Jewellery
 d - a ring of wizardry (left hand)
Wands
 q - a wand of polymorph (6)
Scrolls
 b - 3 scrolls of teleportation {unknown}
 e - a scroll of magic mapping {unknown}
 f - 3 scrolls of fear {unknown}
 g - 6 scrolls of identify {unknown}
 h - 3 scrolls of torment {unknown}
 j - a scroll of noise {unknown}
 k - a scroll of summoning {unknown}
 m - a scroll of vulnerability {unknown}
 n - a scroll of enchant weapon {unknown}
 p - a scroll of amnesia {unknown}
 s - 2 scrolls of blinking {unknown}
Potions
 c - 2 potions of heal wounds {unknown}
 i - a potion of mutation {unknown}
 l - a potion of curing {unknown}
 o - a potion of flight {unknown}
 t - a potion of ambrosia {unknown}
 w - a potion of attraction {unknown}


   Skills:
 + Level 0.1 Fighting
 + Level 3.3 Dodging
 + Level 3.6 Stealth
 + Level 1.0 Unarmed Combat
 + Level 7.7 Spellcasting


You had one spell level left.
You knew the following spells:

 Your Spells              Type           Power      Damage    Failure   Level
a - Foxfire               Conj/Fire      100%       2x1d9     1%          1
b - Scorch                Fire           76%        2d8       1%          2
c - Conjure Flame         Conj/Fire      38%        6-21      1%          3
d - Inner Flame           Hex/Fire       38%        N/A       1%          3
e - Flame Wave            Conj/Fire      38%        2d9       1%          4
f - Apportation           Tloc           76%        N/A       1%          1
g - Wereblood             Tmut           38%        N/A       1%          2
h - Confusing Touch       Hex            38%        N/A       1%          3
i - Portal Projectile     Hex/Tloc       76%        N/A       1%          3
Your spell library was empty.

Dungeon Overview and Level Annotations

Branches:
Dungeon (5/15)
 Temple: D:4-7

Altars:
Zin

Shops:
D:5 =

Annotations:
D:5 1 runed translucent door, Crazy Yiuf


Innate Abilities, Weirdness & Mutations

You are immune to sickness and miasma.
You are immune to poison.
Your flesh is very heat resistant. (rF++)
You are vulnerable to cold. (rC-)
You float through the air rather than walking.
You learn spells naturally, not from books.
Your magical power is your life essence.
You have superior vitality. (+4 MHP)


Message History

Aiming: Inner Flame (safe; 1% risk of failure)
Press: ? - help, Dir - move target, f - killer bee
Aim: a killer bee (chance to confuse on hit: 69%, chance to affect: 91%)
The killer bee is filled with an inner flame.
* * * LOW HITPOINT WARNING * * *
Casting: Foxfire (safe; 1% risk of failure)
Press: ? - help, Q - select action, (/) - cycle Dir - look around, f - activate You conjure some foxfire!
* * * LOW HITPOINT WARNING * * *
Your hands stop glowing.
Your foxfire dissipates!
Your foxfire dissipates!
Your foxfire dissipates!
Your foxfire dissipates!
Casting: Foxfire (safe; 1% risk of failure)
Confirm with . or Enter, or press ? or * to list all spells.
Flames lash the killer bee.
Flame seeps out of the killer bee.
The killer bee is severely wounded.
The killer bee's fire resistance burns away.
* * * LOW HITPOINT WARNING * * *
The killer bee is engulfed in blazing flames.
The killer bee explodes!
The fiery explosion engulfs the killer bee!
The killer bee explodes!
You have reached level 9!
Your experience leads to an increase in your attributes!
Increase (S)trength, (I)ntelligence, or (D)exterity?
You feel clever. x2
The power to cast Portal Projectile wells up from within.
Spell assigned to 'i'.
You are too injured to fight recklessly!
A centaur comes into view.
The centaur wields a +0 shortbow.
The centaur shoots an arrow.
The arrow closely misses you.
Casting: Foxfire (safe; 1% risk of failure)
Press: ? - help, Q - select action, (/) - cycle Dir - look around, f - activate You conjure some foxfire!
* * * LOW HITPOINT WARNING * * *
The centaur shoots an arrow.
The arrow hits you!
You die...

#.. ##.... #.##
#..... ..y
###########
#+..+#
#.##.........#
#....#
#.†c.........#
♣....♣
#####.........#
♣♣...♣
...#.........#
♣♣.♣♣
####.#..v......#
♣♣.♣
#......@v......#
♣.♣♣
#........##....#
♣♣.♣
..........#######
♣.♣♣ ###.......#
#+# +.......# ...
#.......#####
#.g.#
#...........#
#)..#
#...........#
#####
#...........###


You could see a centaur (ally target).

Vanquished Creatures
  A wyvern (D:5)
  A steam dragon (D:4)
  Edmund (D:4)
  An ice beast (D:5)
  An ogre (D:5)
  A centaur (D:5)
  2 scorpions
  A wyvern skeleton (D:5)
  A water moccasin skeleton (D:4)
  6 killer bees (D:5)
  2 hounds (D:5)
  A jelly (D:5)
  2 iguanas (D:5)
  A hound skeleton (D:4)
  A gnoll (D:1)
  8 adders
  An ufetubus (D:5)
  3 dart slugs
  3 worms
  7 orcs
  4 endoplasms
  5 giant cockroaches
  5 goblins
  3 hobgoblins
  6 jackals
  6 quokkas
  12 ball pythons
  3 bats
  7 frilled lizards
  5 kobolds
  9 rats
110 creatures vanquished.

Vanquished Creatures (collateral kills)
  A foxfire (D:2)
1 creature vanquished.

Vanquished Creatures (others)
  679 foxfires
679 creatures vanquished.

Grand Total: 790 creatures vanquished

Notes
Turn   | Place    | Note
-------+----------+-------------------------------------------
     0 | D:1      | 101zpm the Djinni Fire Elementalist began the quest for the
                  | Orb.
     0 | D:1      | Reached XP level 1. HP: 15/15 MP: 0/0
   312 | D:1      | Found a faded altar of an unknown god.
   472 | D:1      | Reached XP level 2. HP: 17/21 MP: 0/0
   975 | D:1      | Reached XP level 3. HP: 22/25 MP: 0/0
   975 | D:1      | Learned a level 1 spell: Apportation
   981 | D:1      | Reached skill level 3 in Spellcasting
  2596 | D:2      | Reached XP level 4. HP: 28/31 MP: 0/0
  3636 | D:2      | Found a glowing silver altar of Zin.
  4603 | D:3      | Reached XP level 5. HP: 31/35 MP: 0/0
  4603 | D:3      | Learned a level 2 spell: Wereblood
  5358 | D:4      | Reached skill level 4 in Spellcasting
  5725 | D:4      | Reached XP level 6. HP: 35/40 MP: 0/0
  6061 | D:4      | Noticed Edmund
  6090 | D:4      | Killed Edmund
  6620 | D:4      | Noticed a steam dragon
  6623 | D:4      | Killed a steam dragon
  6624 | D:4      | Reached skill level 5 in Spellcasting
  6624 | D:4      | Reached XP level 7. HP: 39/45 MP: 0/0
  6624 | D:4      | Learned a level 3 spell: Confusing Touch
  6976 | D:5      | Entered Level 5 of the Dungeon
  7048 | D:5      | Noticed a wyvern
  7053 | D:5      | Killed a wyvern
  7054 | D:5      | Reached skill level 6 in Spellcasting
  7193 | D:5      | Reached XP level 8. HP: 45/50 MP: 0/0
  7246 | D:5      | Found Jalic's Jewellery Boutique.
  7539 | D:5      | Reached skill level 1 in Unarmed Combat
  7865 | D:5      | Found a runed translucent door.
  7869 | D:5      | Noticed Crazy Yiuf
  8108 | D:5      | Reached skill level 7 in Spellcasting
  8220 | D:5      | Reached XP level 9. HP: 3/55 MP: 0/0
  8220 | D:5      | Learned a level 3 spell: Portal Projectile
  8253 | D:5      | Shot with an arrow by a centaur

Illustrated notes

Levels and vault maps discovered:
D:1:      dpeg_arrival_rooms_with_view, layout_basic,
          hellmonk_ecumenical_altar_dog_temple, minmay_pentomino_r4
D:2:      minmay_recursive_quarters, layout_loops_ring, basic_altar,
          mrwooster_statue_mirror, minmay_misc_feat_enclosed
D:3:      layout_loops_cross, kennysheep_donut
D:4:      layout_cave_pools, serial_park_tiny_1, grunt_ministairs_10,
          uniq_edmund
D:5:      layout_basic, serial_shops, nicolae_shop_trees, minmay_manual_mares,
          uniq_crazy_yiuf_cottage

Skill      XL: |  1  2  3  4  5  6  7  8 |
---------------+-------------------------+-----
Spellcasting   | 3 4 5 6 7 |  7.7
Dodging        | 3 |  3.3
Stealth        | 2 3 |  3.6
Unarmed Combat | 1 |  1.0
Fighting       | |  0.1

Action                   |  1- 3 |  4- 6 |  7- 9 || total
-------------------------+-------+-------+-------++-------
Melee: Unarmed           |       |     3 |       ||     3
 Cast: Foxfire           |   129 |   236 |    80 ||   445
       Scorch            |     1 |     6 |    18 ||    25
       Inner Flame       |       |     5 |    22 ||    27
       Confusing Touch   |       |       |     1 ||     1
Armor: Robe              |       |     2 |     2 ||     4
Dodge: Dodged            |     4 |     6 |     9 ||    19
